 Dungeon Crawl Stone Soup version 0.20-a0-553-g9f38e11 (webtiles) character file.

3294 Amnesiac the Spear-Bearer (level 9, -9/61 HPs)
             Began as a Mummy Skald on Feb 3, 2017.
             Was an Initiate of Gozag.
             Mangled by a warg (16 damage)
             ... on level 8 of the Dungeon.
             The game lasted 00:16:55 (9725 turns).

Amnesiac the Spear-Bearer (Mummy Skald)             Turns: 9725, Time: 00:16:56

Health: -9/61      AC:  7    Str: 15    XL:     9   Next: 69%
Magic:  4/13       EV: 12    Int: 12    God:    Gozag
Gold:   636        SH:  0    Dex: 14    Spells: 6/14 levels left

rFire    x . .     SeeInvis .   p - +2 spear (venom)
rCold    + . .     Gourm    .   d - +0 leather armour (curse)
rNeg     + + +     Faith    .   (no shield)
rPois    ∞         Spirit   .   j - +0 helmet
rElec    .         Reflect  .   v - +1 cloak
rCorr    .         Harm     .   r - +0 pair of gloves
MR       +....                  (no boots)
Stlth    +.........             (no amulet)
Regen    0.2/turn               (no ring)
                                (no ring)

@: about to teleport, gold aura
A: no food or potions, fire vulnerability, cold resistance 1, negative energy
resistance 3, torment resistance, unbreathing
a: Potion Petition, Call Merchant, Bribe Branch, Renounce Religion


You were on level 8 of the Dungeon.
You worshipped Gozag.
Gozag was pleased with you.
You were not hungry.

You visited 2 branches of the dungeon, and saw 10 of its levels.

You collected 692 gold pieces.
You paid 56 gold pieces to Gozag.

Inventory:

Hand Weapons
 o - a +0 halberd
 p - a +2 spear of venom (weapon)
Missiles
 f - 5 javelins (quivered)
Armour
 b - a +0 leather armour
 d - a cursed +0 leather armour (worn)
 e - a +0 ring mail
 j - a +0 helmet (worn)
 r - a +0 pair of gloves (worn)
 v - a +1 cloak (worn)
Jewellery
 w - an uncursed ring of stealth {unknown}
Wands
 c - a wand of lightning (6/15)
 l - a wand of random effects (19/48)
 s - a wand of confusion (41/48)
 u - a wand of polymorph (1/24)
 x - a wand of paralysis (20/24)
Scrolls
 a - 3 scrolls of teleportation
 g - 3 scrolls of remove curse {unknown}
 h - 2 scrolls of magic mapping {unknown}
 i - 2 scrolls of recharging {unknown}
 k - 4 scrolls of enchant armour {unknown}
 m - a scroll of enchant weapon {unknown}
 n - 8 scrolls of identify
 q - a scroll of fog {unknown}
 t - 2 scrolls of amnesia {unknown}


   Skills:
 - Level 2.0 Fighting
 + Level 10.1 Polearms
 - Level 0.7 Armour
 - Level 1.5 Dodging
 - Level 3.1 Spellcasting
 - Level 5.6 Hexes
 - Level 3.0 Charms


You had 6 spell levels left.
You knew the following spells:

 Your Spells              Type           Power        Failure   Level  Hunger
a - Infusion              Chrm           #...         12%         1    N/A
b - Spectral Weapon       Hex/Chrm       ##......     17%         3    N/A
c - Song of Slaying       Chrm           #.......     14%         2    N/A
d - Passwall              Tmut/Erth      #.........   52%         2    N/A

Dungeon Overview and Level Annotations

Branches:
Dungeon (9/15)             Temple (1/1) D:5            Lair (0/6) D:8
    Orc: D:9-12

Altars:
Ashenzari
Cheibriados
Elyvilon
Fedhas
Gozag
Hepliaklqana
Kikubaaqudgha
Makhleb
Okawaru
Qazlal
Trog
Uskayaw
Xom
Yredelemnul
Zin
The Shining One

Shops:
D:7 (%

Annotations:
D:7 Joseph
D:9 Maurice


Innate Abilities, Weirdness & Mutations

You do not eat or drink.
Your flesh is vulnerable to fire.
You are immune to poison.
Your flesh is cold resistant. (rC+)
You are immune to negative energy. (rN+++)
You are immune to unholy pain and torment.
You can survive without breathing.


Message History

A warg is nearby!
A warg is nearby!
There is a stone staircase leading down here.
You climb downwards.
Your summoned ally is left behind.
Your spectral weapon fades away.
A centaur and Maurice come into view.
The centaur shouts!
There is a stone staircase leading up here.
Maurice shouts!
The centaur wields a shortbow.
The centaur shoots an arrow.
The arrow closely misses you.
Maurice mumbles some strange words.
Maurice blinks!
You climb upwards.
There is a stone staircase leading down here.
As you read the scroll of teleportation, it crumbles to dust.
You feel strangely unstable. The warg bites you!
You die...
Your body crumbles into a pile of gold.

#.# #.. #h# $ #.#
### #!# ..# #.#
#.# # #$# #.# .##
###.# #.# ..##
#...####@#
...######.....>h.#
...#....#.########
.....##....#
.....##.........
.....###...#####
....## ##.## ....#
#.# ...## #.#


You could see a warg.

Vanquished Creatures
  The ghost of drasked the Conjurer, a novice SpWz of Vehumet (D:7)
  Prince Ribbit (D:5)
  The ghost of anet the Magician, an amateur DEWz (D:4)
  Sigmund (D:4)
  A wyvern (D:8)
  Eustachio (D:4)
  Edmund (D:4)
  2 water moccasins (D:7)
  An orc warrior (D:8)
  An ice beast (D:5)
  2 sky beasts (D:6)
  2 ogres
  The ghost of Rhoefr the Insei, an amateur OpFi of the Shining One (D:3)
  A big kobold (D:7)
  Blork the orc (D:5)
  2 bullfrogs
  A scorpion (D:7)
  2 jellies
  A bullfrog zombie (D:7)
  A crimson imp (D:5)
  2 hounds
  2 orc wizards (D:8)
  Crazy Yiuf (D:5)
  An orc priest (D:8)
  2 centaur skeletons
  Terence (D:3)
  An iguana (D:7)
  Natasha (thrice) (D:4)
  4 worker ants
  Robin (D:1)
  A worker ant zombie (D:6)
  3 gnolls (D:4)
  A howler monkey skeleton (D:5)
  8 adders
  2 shadow imps (D:8)
  An ooze (D:1)
  2 adder skeletons
  3 worms
  2 dart slugs
  4 leopard geckos
  5 orcs
  3 ball pythons
  5 giant cockroaches
  9 goblins
  8 hobgoblins
  5 jackals
  7 quokkas
  10 bats
  5 frilled lizards
  11 kobolds
  9 rats
147 creatures vanquished.

Vanquished Creatures (collateral kills)
  An orc priest (D:8)
1 creature vanquished.

Vanquished Creatures (others)
  6 spectral weapons
6 creatures vanquished.

Grand Total: 154 creatures vanquished

Notes
Turn   | Place    | Note
-------+----------+-------------------------------------------
     0 | D:1      | Amnesiac the Mummy Skald began the quest for the Orb.
     0 | D:1      | Reached XP level 1. HP: 16/16 MP: 4/4
   109 | D:1      | Reached skill level 2 in Polearms
   324 | D:2      | Reached XP level 2. HP: 19/22 MP: 5/5
   328 | D:2      | Learned a level 2 spell: Song of Slaying
   738 | D:3      | Noticed Rhoefr's ghost (amateur OpFi)
   941 | D:2      | Reached XP level 3. HP: 24/27 MP: 7/7
   946 | D:2      | Learned a level 3 spell: Spectral Weapon
  1105 | D:2      | Reached skill level 1 in Hexes
  1436 | D:2      | Noticed Robin
  1795 | D:1      | Killed Robin
  1795 | D:1      | Reached XP level 4. HP: 22/33 MP: 1/8
  2076 | D:4      | Noticed anet's ghost (amateur DEWz)
  2978 | D:4      | Noticed Eustachio
  2994 | D:4      | Killed Eustachio
  2994 | D:4      | Reached XP level 5. HP: 25/38 MP: 6/9
  3028 | D:4      | Noticed Sigmund
  3031 | D:4      | Noticed an ogre
  3035 | D:4      | Killed Sigmund
  3035 | D:4      | Reached skill level 5 in Hexes
  3035 | D:4      | Reached XP level 6. HP: 26/44 MP: 1/10
  3319 | D:4      | Noticed Natasha
  3321 | D:4      | Killed Natasha
  3449 | D:4      | Noticed Natasha
  3462 | D:4      | Killed Natasha
  3462 | D:4      | Reached XP level 7. HP: 50/50 MP: 8/11
  3737 | D:4      | Noticed Natasha
  3740 | D:4      | Killed Natasha
  3740 | D:4      | Reached skill level 3 in Polearms
  3973 | D:4      | Noticed Edmund
  3984 | D:4      | Killed Edmund
  3984 | D:4      | Reached skill level 4 in Polearms
  4309 | D:4      | Killed anet's ghost
  4309 | D:4      | Reached skill level 5 in Polearms
  4397 | D:5      | Entered Level 5 of the Dungeon
  4446 | D:5      | Found a glowing golden altar of the Shining One.
  4737 | D:5      | Noticed Blork the orc
  4738 | D:5      | Noticed Prince Ribbit
  4751 | D:5      | Killed Blork the orc
  4751 | D:5      | Reached XP level 8. HP: 16/56 MP: 9/12
  5310 | D:5      | Killed Prince Ribbit
  5310 | D:5      | Reached skill level 6 in Polearms
  5595 | D:5      | Found a runed door.
  5796 | D:5      | Found a staircase to the Ecumenical Temple.
  6036 | Temple   | Entered the Ecumenical Temple
  6137 | Temple   | Became a worshipper of Gozag Ym Sagoz the Greedy
  6279 | D:5      | Noticed Crazy Yiuf
  6288 | D:5      | Killed Crazy Yiuf
  6521 | D:4      | Reached skill level 7 in Polearms
  6554 | D:3      | Killed Rhoefr's ghost
  7551 | D:3      | Noticed Terence
  7556 | D:3      | Killed Terence
  7966 | D:6      | Reached skill level 8 in Polearms
  7971 | D:6      | Reached XP level 9. HP: 37/61 MP: 10/13
  8094 | D:6      | Noticed a freezing wraith
  8201 | D:5      | HP: 1/61 [freezing wraith[a death knight] (5)]
  8226 | D:5      | HP: 1/61 [freezing wraith[a death knight] (7)]
  8624 | D:6      | Noticed a death knight
  8624 | D:6      | Noticed a phantasmal warrior
  8731 | D:7      | Learned a level 2 spell: Passwall
  8759 | D:7      | Found Goux's Antique Weapon Shoppe.
  8802 | D:7      | Found Tittiad's Food Shop.
  8877 | D:7      | Noticed drasked's ghost (novice SpWz)
  8895 | D:7      | Killed drasked's ghost
  8902 | D:7      | Reached skill level 9 in Polearms
  9254 | D:7      | Noticed Joseph
  9443 | D:8      | Found a bloodstained altar of Trog.
  9683 | D:8      | Reached skill level 10 in Polearms
  9686 | D:8      | Found a staircase to the Lair.
  9720 | D:9      | Noticed Maurice
  9725 | D:8      | Mangled by a warg

Vault maps used:
D:1:      dpeg_arrival_simpleton_a
D:2:      first_bread, uniq_robin
D:3:      uniq_terence
D:4:      uniq_sigmund, uniq_edmund, uniq_natasha, uniq_eustachio
D:5:      minmay_temple_entry_nine_rooms, roderic_lattice_a, minivault_19,
          serial_park_tiny_pond, dk_vineyard_1, tso_metal_star,
          uniq_crazy_yiuf_cottage, uniq_blork_the_orc, uniq_prince_ribbit1
D:7:      serial_shops, shop, shop, serial_glass, glass_columns_a,
          glass_columns_a, uniq_joseph, uniq_pikel
D:8:      overflow_temple_1_default, grunt_temple_overflow_open,
          erik_lair_orcish_takeover
D:9:      dragon1_lemuel, vehumet_altar_wand_db, uniq_maurice
Temple:   regret_index_temple_waves

Skill      XL: |  1  2  3  4  5  6  7  8  9 |
---------------+----------------------------+-----
Polearms       | 2 5 8 10 | 10.1
Charms         | 3 |  3.0
Spellcasting   | 3 |  3.1
Hexes          | 1 4 5 |  5.6
Fighting       | |  2.0
Armour         | |  0.7
Dodging        | |  1.5

Action                   |  1- 3 |  4- 6 |  7- 9 || total
-------------------------+-------+-------+-------++-------
Melee: Spear             |   143 |    92 |   357 ||   592
       Trident           |       |    31 |     5 ||    36
       Halberd           |       |       |     5 ||     5
Throw: Javelin           |     1 |       |       ||     1
 Cast: Infusion          |     5 |     2 |       ||     7
       Song of Slaying   |     2 |       |       ||     2
       Spectral Weapon   |     1 |    13 |    37 ||    51
Invok: Potion Petition   |       |       |     1 ||     1
  Use: Scroll            |       |       |     3 ||     3
 Stab: Distracted        |       |       |     4 ||     4
Armor: Leather armour    |    47 |    25 |    57 ||   129
Dodge: Dodged            |    98 |    66 |   100 ||   264
